RES
BANKSTOWN AVIATORS @ RANDWICK GREEN SOX
04/29/2022
 
TOP OF THE 1ST
Bankstown Aviators batting - Pitching for Randwick Green Sox : RHP Danny Chugg
Pitching: RHP Danny Chugg
Batting: RHB Kylan Gresty 0-0: Ball
1-0: Ball
2-0: Called Strike
2-1: Swinging Strike
2-2: Strikes out swinging
Batting: RHB Ben Ravenshaw 0-0: Foul Ball, location: 7LMF
0-1: SINGLE (Line Drive, 9LS, EV 96.9 MPH)
Batting: RHB Matt Richards 0-0: Ball
1-0: Foul Ball, location: 9LMF
1-1: Swinging Strike
1-2: Strikes out swinging
Batting: LHB Jaime Scholes 0-0: Ball
1-0: Ball
2-0: Called Strike
2-1: Foul Ball, location: 23F
2-2: Fly out, F6 (Popup, 6, EV 75.6 MPH)
Top of the 1st over - 0 runs, 1 hit, 0 errors, 1 left on base; Bankstown 0 - Randwick 0
BOTTOM OF THE 1ST
Randwick Green Sox batting - Pitching for Bankstown Aviators : LHP Davey Towes
Pitching: LHP Davey Towes
Batting: LHB Rodger Curnow 0-0: Ball
1-0: Swinging Strike
1-1: SINGLE (Line Drive, 7S, EV 111.3 MPH)
Batting: RHB Art Alderson 0-0: Foul Ball, location: 23FF
0-1: Ball
1-1: Foul Ball, location: 5SF
1-2: Foul Ball, location: 5F
1-2: Foul Ball, location: 5F
1-2: Strikes out looking
Batting: RHB Tony Green 0-0: Ball
1-0: Fielders Choice at 2nd, 4-6 (Groundball, 4, EV 98.8 MPH)
Batting: RHB Bob Ghey 0-0: Called Strike
0-1: Ball
1-1: Swinging Strike
1-2: Ball
2-2: Foul Ball, location: 2LF
2-2: Foul Ball, location: 5FF
2-2: Fly out, F7 (Line Drive, 7, EV 92.5 MPH)
Bottom of the 1st over - 0 runs, 1 hit, 0 errors, 1 left on base; Bankstown 0 - Randwick 0
TOP OF THE 2ND
Bankstown Aviators batting - Pitching for Randwick Green Sox : RHP Danny Chugg
Batting: LHB Eric Hoddinott 0-0: Called Strike
0-1: Foul Ball, location: 2RF
0-2: Ball
1-2: Foul Ball, location: 7LSFF
1-2: Hit by Pitch
Batting: LHB Fred Abbs 0-0: Foul Ball, location: 5DF
0-1: Ball
1-1: Foul Ball, location: 23FF
1-2: Foul Ball, location: 25F
1-2: Ball
2-2: Fly out, F3 (Popup, 3SF, EV 89.4 MPH)
Batting: RHB Fredrick Moreton 0-0: Ball
1-0: Fly out, F7 (Flyball, 78M, EV 91.9 MPH)
Batting: RHB Quincy Heckenberg 0-0: Ball
1-0: Called Strike
1-1: Foul Ball, location: 9LSF
1-2: Strikes out swinging
Top of the 2nd over - 0 runs, 0 hits, 0 errors, 1 left on base; Bankstown 0 - Randwick 0
BOTTOM OF THE 2ND
Randwick Green Sox batting - Pitching for Bankstown Aviators : LHP Davey Towes
Batting: RHB Derik Fahey 0-0: Fly out, F3 (Popup, 34, EV 68.1 MPH)
Batting: LHB Tony Tassell 0-0: Ball
1-0: SOLO HOME RUN (Flyball, 9D, EV 99.4 MPH), Distance : 390 ft
Batting: RHB Pete Sherrell 0-0: Ball
1-0: Swinging Strike
1-1: DOUBLE (Flyball, 8RXD, EV 101.3 MPH)
Batting: LHB Colin Firman 0-0: Called Strike
0-1: Fly out, F9 (Flyball, 89S, EV 88.1 MPH)
Batting: RHB Keefe Lucking 0-0: Called Strike
0-1: Swinging Strike
0-2: Ball
1-2: Ball
2-2: Fly out, F9 (Flyball, 9LSF, EV 75.6 MPH)
Bottom of the 2nd over - 1 run, 2 hits, 0 errors, 1 left on base; Bankstown 0 - Randwick 1
TOP OF THE 3RD
Bankstown Aviators batting - Pitching for Randwick Green Sox : RHP Danny Chugg
Batting: LHB Jamie Tofts 0-0: Ball
1-0: Called Strike
1-1: Foul Ball, location: 9LDF
1-2: Fly out, F8 (Flyball, 8RD, EV 107.5 MPH)
Batting: RHB Kylan Gresty 0-0: Ground out 4-3 (Groundball, 4S, EV 86.9 MPH)
Batting: RHB Ben Ravenshaw 0-0: Ball
1-0: Ball
2-0: Foul Ball, location: 9LMF
2-1: Fly out, F4 (Popup, 34D, EV 46.3 MPH)
Top of the 3rd over - 0 runs, 0 hits, 0 errors, 0 left on base; Bankstown 0 - Randwick 1
BOTTOM OF THE 3RD
Randwick Green Sox batting - Pitching for Bankstown Aviators : LHP Davey Towes
Batting: LHB Rodger Curnow 0-0: Ball
1-0: Foul Ball, location: 25F
1-1: Ball
2-1: Ball
3-1: Called Strike
3-2: Fly out, F9 (Flyball, 9, EV 92.5 MPH)
Batting: RHB Art Alderson 0-0: Ball
1-0: Ball
2-0: Ground out 6-3 (Groundball, 56, EV 90.0 MPH)
Batting: RHB Tony Green 0-0: Ball
1-0: Called Strike
1-1: Foul Ball, location: 2F
1-2: Foul Ball, location: 5FF
1-2: Ball
2-2: Ball
3-2: Strikes out swinging
Bottom of the 3rd over - 0 runs, 0 hits, 0 errors, 0 left on base; Bankstown 0 - Randwick 1
TOP OF THE 4TH
Bankstown Aviators batting - Pitching for Randwick Green Sox : RHP Danny Chugg
Batting: RHB Matt Richards 0-0: Foul Ball, location: 23F
0-1: Swinging Strike
0-2: Strikes out looking
Batting: LHB Jaime Scholes 0-0: Ball
1-0: Ball
2-0: Ball
3-0: Called Strike
3-1: Base on Balls
Batting: LHB Eric Hoddinott 0-0: Ball
1-0: Called Strike
1-1: Foul Ball, location: 7LMF
1-2: Ball
2-2: Foul Ball, location: 5FF
2-2: SINGLE (Line Drive, 9S, EV 108.1 MPH)
Jaime Scholes to second
Batting: LHB Fred Abbs 0-0: Fly out, F3 (Line Drive, 3L, EV 68.8 MPH)
Lined into DP, U3 (Line Drive, 3L, EV 68.8 MPH)
Top of the 4th over - 0 runs, 1 hit, 0 errors, 1 left on base; Bankstown 0 - Randwick 1
BOTTOM OF THE 4TH
Randwick Green Sox batting - Pitching for Bankstown Aviators : LHP Davey Towes
Batting: RHB Bob Ghey 0-0: Ground out 3-1 (Groundball, 34, EV 91.3 MPH)
Batting: RHB Derik Fahey 0-0: Foul Ball, location: 2F
0-1: Foul Ball, location: 2F
0-2: Foul Ball, location: 2F
0-2: Ball
1-2: Ground out 5-3 (Groundball, 56S, EV 77.5 MPH)
Batting: LHB Tony Tassell 0-0: Fly out, F8 (Flyball, 8RD, EV 98.1 MPH)
Bottom of the 4th over - 0 runs, 0 hits, 0 errors, 0 left on base; Bankstown 0 - Randwick 1
TOP OF THE 5TH
Bankstown Aviators batting - Pitching for Randwick Green Sox : RHP Danny Chugg
Batting: RHB Fredrick Moreton 0-0: Ground out 3-1 (Groundball, 34, EV 78.1 MPH)
Batting: RHB Quincy Heckenberg 0-0: Called Strike
0-1: Ball
1-1: Ball
2-1: Ground out 6-3 (Groundball, 6D, EV 87.5 MPH)
Batting: LHB Jamie Tofts 0-0: Called Strike
0-1: Called Strike
0-2: Strikes out swinging
Top of the 5th over - 0 runs, 0 hits, 0 errors, 0 left on base; Bankstown 0 - Randwick 1
BOTTOM OF THE 5TH
Randwick Green Sox batting - Pitching for Bankstown Aviators : LHP Davey Towes
Batting: RHB Pete Sherrell 0-0: Ball
1-0: Ball
2-0: Ball
3-0: Base on Balls
Batting: LHB Colin Firman 0-0: Sac Bunt to 25 - play at first, batter OUT! 5-3
Pete Sherrell to second
Batting: RHB Keefe Lucking 0-0: Ball
1-0: Swinging Strike
1-1: Swinging Strike
1-2: Ball
2-2: Strikes out swinging
Batting: LHB Rodger Curnow 0-0: Fly out, F8 (Flyball, 78D, EV 95.6 MPH)
Bottom of the 5th over - 0 runs, 0 hits, 0 errors, 1 left on base; Bankstown 0 - Randwick 1
TOP OF THE 6TH
Bankstown Aviators batting - Pitching for Randwick Green Sox : RHP Danny Chugg
Batting: RHB Kylan Gresty 0-0: Ball
1-0: Called Strike
1-1: Called Strike
1-2: Strikes out swinging
Batting: RHB Ben Ravenshaw 0-0: Ball
1-0: Foul Ball, location: 7LSF
1-1: SINGLE (Line Drive, 89M, EV 105.6 MPH)
Batting: RHB Matt Richards 0-0: Ball
1-0: Foul Ball, location: 2F
1-1: Foul Ball, location: 9LMF
1-2: Ball
2-2: Ball
3-2: Base on Balls
Ben Ravenshaw to second
Batting: LHB Jaime Scholes 0-0: Ball
1-0: Ball
2-0: Foul Ball, location: 7LSF
2-1: Ball
3-1: Base on Balls
Ben Ravenshaw to third
Matt Richards to second
Batting: LHB Eric Hoddinott 0-0: Ball
1-0: Called Strike
1-1: Foul Ball, location: 3FF
1-2: Ball
2-2: Ball
3-2: Foul Ball, location: 7LSFF
3-2: Foul Ball, location: 3F
3-2: Base on Balls
Ben Ravenshaw scores
Matt Richards to third
Jaime Scholes to second
Batting: LHB Fred Abbs 0-0: Swinging Strike
0-1: Ball
1-1: Ball
2-1: Called Strike
2-2: Strikes out swinging
Batting: RHB Fredrick Moreton 0-0: Ball
1-0: Foul Ball, location: 2F
1-1: DOUBLE (Line Drive, 78D, EV 111.3 MPH)
Matt Richards scores
Jaime Scholes scores
Eric Hoddinott to third
Batting: RHB Quincy Heckenberg 0-0: Called Strike
0-1: Called Strike
0-2: Ball
1-2: Foul Ball, location: 3F
1-2: Strikes out swinging
Top of the 6th over - 3 runs, 2 hits, 0 errors, 2 left on base; Bankstown 3 - Randwick 1
BOTTOM OF THE 6TH
Randwick Green Sox batting - Pitching for Bankstown Aviators : LHP Davey Towes
Batting: RHB Art Alderson 0-0: Called Strike
0-1: Ball
1-1: Fly out, F3 (Popup, 3SF, EV 80.6 MPH)
Batting: RHB Tony Green 0-0: Ball
1-0: Fly out, F9 (Flyball, 9D, EV 98.8 MPH)
Batting: RHB Bob Ghey 0-0: Called Strike
0-1: Ball
1-1: Ball
2-1: Foul Ball, location: 5F
2-2: Ball
3-2: Base on Balls
Batting: RHB Derik Fahey 0-0: Fly out, F7 (Flyball, 7S, EV 94.4 MPH)
Bottom of the 6th over - 0 runs, 0 hits, 0 errors, 1 left on base; Bankstown 3 - Randwick 1
TOP OF THE 7TH
Bankstown Aviators batting - Pitching for Randwick Green Sox : RHP Danny Chugg
Pitching: RHP Luke Gault
Batting: LHB Jamie Tofts 0-0: Fly out, F8 (Flyball, 89D, EV 109.4 MPH)
Batting: RHB Kylan Gresty 0-0: Ball
1-0: Swinging Strike
1-1: Swinging Strike
1-2: Fly out, F6 (Line Drive, 56D, EV 65.0 MPH)
Batting: RHB Ben Ravenshaw 0-0: Ball
1-0: Called Strike
1-1: Fly out, F9 (Line Drive, 89D, EV 91.9 MPH)
Top of the 7th over - 0 runs, 0 hits, 0 errors, 0 left on base; Bankstown 3 - Randwick 1
BOTTOM OF THE 7TH
Randwick Green Sox batting - Pitching for Bankstown Aviators : LHP Davey Towes
Batting: LHB Tony Tassell 0-0: Ball
1-0: Fly out, F9 (Flyball, 9, EV 92.5 MPH)
Batting: RHB Pete Sherrell 0-0: Fly out, F8 (Flyball, 8RXD, EV 98.1 MPH)
Batting: LHB Colin Firman 0-0: Called Strike
0-1: SINGLE (Groundball, P, EV 78.8 MPH) (infield hit)
Batting: RHB Keefe Lucking 0-0: Ball
1-0: Called Strike
1-1: Fly out, F9 (Flyball, 89S, EV 86.9 MPH)
Bottom of the 7th over - 0 runs, 1 hit, 0 errors, 1 left on base; Bankstown 3 - Randwick 1
TOP OF THE 8TH
Bankstown Aviators batting - Pitching for Randwick Green Sox : RHP Luke Gault
Batting: RHB Matt Richards 0-0: Ball
1-0: SINGLE (Line Drive, 4M, EV 102.5 MPH)
Batting: LHB Jaime Scholes 0-0: Ball
1-0: Swinging Strike
1-1: 2-RUN HOME RUN (Flyball, 89XD, EV 109.4 MPH), Distance : 432 ft
Batting: LHB Eric Hoddinott 0-0: Ball
1-0: SOLO HOME RUN (Flyball, 7D, EV 103.1 MPH), Distance : 397 ft
Pitching: RHP Keith Gwilt
Batting: LHB Fred Abbs 0-0: Called Strike
0-1: Foul Ball, location: 7LSF
0-2: Ball
1-2: Ball
2-2: Strikes out looking
Batting: RHB Fredrick Moreton 0-0: Ball
1-0: Ground out 3-1 (Groundball, 34, EV 88.1 MPH)
Batting: RHB Quincy Heckenberg 0-0: Ball
1-0: Called Strike
1-1: Foul Ball, location: 2F
1-2: Strikes out looking
Top of the 8th over - 3 runs, 3 hits, 0 errors, 0 left on base; Bankstown 6 - Randwick 1
BOTTOM OF THE 8TH
Randwick Green Sox batting - Pitching for Bankstown Aviators : LHP Davey Towes
Batting: LHB Rodger Curnow 0-0: Called Strike
0-1: Ball
1-1: Swinging Strike
1-2: Fly out, F7 (Flyball, 7LMF, EV 103.8 MPH)
Batting: RHB Art Alderson 0-0: Called Strike
0-1: Ground out 6-3 (Groundball, 6, EV 78.8 MPH)
Batting: RHB Tony Green 0-0: Ball
1-0: Foul Ball, location: 2RF
1-1: Ground out 1-3 (Groundball, P, EV 75.6 MPH)
Bottom of the 8th over - 0 runs, 0 hits, 0 errors, 0 left on base; Bankstown 6 - Randwick 1
TOP OF THE 9TH
Bankstown Aviators batting - Pitching for Randwick Green Sox : RHP Keith Gwilt
Batting: LHB Jamie Tofts 0-0: Swinging Strike
0-1: Ball
1-1: Ball
2-1: Called Strike
2-2: Hit by Pitch
Batting: RHB Kylan Gresty 0-0: Called Strike
0-1: Called Strike
0-2: Ball
1-2: Fielders Choice at 2nd, 6-4 (Groundball, 6, EV 80.6 MPH)
Batting: RHB Ben Ravenshaw 0-0: Ball
Kylan Gresty steals 2nd base
1-0: Fly out, F9 (Flyball, 9D, EV 103.8 MPH)
Runner from 2nd tags up, SAFE at 3rd, no throw by RF
Batting: RHB Matt Richards 0-0: Ball
1-0: Foul Ball, location: 9LSF
1-1: Ground out 4-3 (Groundball, 4, EV 102.5 MPH)
Top of the 9th over - 0 runs, 0 hits, 0 errors, 1 left on base; Bankstown 6 - Randwick 1
BOTTOM OF THE 9TH
Randwick Green Sox batting - Pitching for Bankstown Aviators : LHP Davey Towes
Batting: RHB Bob Ghey 0-0: DOUBLE (Line Drive, 89D, EV 100.0 MPH)
Batting: RHB Derik Fahey 0-0: Foul Ball, location: 2F
0-1: Foul Ball, location: 2F
0-2: Foul Ball, location: 2F
0-2: Strikes out swinging
Pinch Hitting: RHB Bill Berryman 0-0: Ball
Wild Pitch!
Bob Ghey to third
1-0: Ball
2-0: Ground out U3 (Groundball, 34S, EV 78.8 MPH)
Bob Ghey scores
Batting: RHB Pete Sherrell 0-0: Ball
1-0: Ball
2-0: Ball
3-0: Base on Balls
Pitching: LHP Paul Wainwright
Pinch Hitting: RHB Luke Morgan 0-0: Foul Ball, location: 7LSF
0-1: DOUBLE (Flyball, 7LD, EV 98.8 MPH)
Pete Sherrell to third
Pitching: RHP Richie Frawley
Pinch Hitting: LHB Bob Gurney 0-0: SINGLE (Line Drive, 34D, EV 99.4 MPH)
Pete Sherrell scores
Luke Morgan to third
Batting: LHB Rodger Curnow 0-0: Ball
1-0: Ball
2-0: Swinging Strike
2-1: Swinging Strike
2-2: Strikes out swinging
Bottom of the 9th over - 2 runs, 3 hits, 0 errors, 2 left on base; Bankstown 6 - Randwick 3
Saturday, April 27th , 2024 - OOTP Baseball 24.9 Build 80